[Event "Titled Tuesday Blitz July 11 Late 2023"]
[White "Mattheii"]
[Black "Nazari, Arad"]
[BlackFideId "12577324"]
[WhiteElo "2524"]
[BlackElo "2719"]
[Result "1/2-1/2"]
[Round "4"]
[TimeControl "180+2"]
[Date "2023.07.11"]
[WhiteClock "0:00:10"]
[BlackClock "0:00:10"]
[Board "51"]

1. d4 Nf6 2. c4 g6 3. Nc3 d5 4. Bg5 Ne4 5. Bh4 g5 6. Bg3 h5 7. f3 h4 8. Bf2 Nxf2 9. Kxf2 dxc4 10. e3 c5 11. Bxc4 cxd4 12. Qxd4 Qxd4 13. exd4 Bg7 14. Nge2 Nc6 15. Rhd1 Bd7 16. Rac1 Rc8 17. Ne4 g4 18. Nc5 gxf3 19. gxf3 Rc7 20. Nxd7 Rxd7 21. d5 Ne5 22. Bb5 O-O 23. Bxd7 Nxd7 24. Rc7 Rd8 25. d6 e6 26. Rxb7 Nc5 27. Rc7 Na4 28. d7 Bf6 29. Rc8 Kf8 30. Rxd8+ Bxd8 31. b3 Nb6 32. Nc3 Ke7 33. Nb5 Nxd7 34. Kg2 Bb6 35. Nd6 Bc5 36. Ne4 Bb6 37. a4 Ne5 38. b4 Ng6 39. a5 Nf4+ 40. Kf1 Be3 41. b5 f5 42. Nf2 Nd5 43. Nd3 Bd4 44. Nf2 Ne3+ 45. Ke2 Nxd1 46. Nxd1 Kd6 47. Kd3 e5 48. Kc4 Bg1 49. h3 e4 50. fxe4 fxe4 51. Nc3 Ke5 52. b6 axb6 53. a6 b5+ 54. Nxb5 Kf4 55. a7 Bxa7 56. Nxa7 e3 57. Kd3 Kf3 58. Nb5 Kg3 59. Nd4 Kxh3 60. Kxe3 Kg2 61. Nf3 h3 62. Kf4 Kf2 63. Kg4 Kg2 64. Kh4 Kxf3 65. Kxh3 1/2-1/2


[Site "https://www.chess.com"]

[Event "Titled Tuesday Blitz July 11 Late 2023"]
[White "Haydon, David L"]
[Black "feuervogel1000000"]
[WhiteFideId "415405"]
[WhiteElo "2717"]
[BlackElo "2521"]
[Result "1-0"]
[Round "4"]
[TimeControl "180+2"]
[Date "2023.07.11"]
[WhiteClock "0:02:01"]
[BlackClock "0:02:03"]
[Board "52"]

1. d4 d5 2. Nf3 Nf6 3. c4 e6 4. Nc3 Be7 5. Bf4 O-O 6. e3 Nbd7 7. Qc2 c5 8. dxc5 Nxc5 9. Rd1 Qa5 10. Be2 Nce4 11. O-O Nxc3 12. bxc3 dxc4 13. Bxc4 b6 14. Ne5 Bb7 15. Qb3 Nd5 16. Bxd5 exd5 17. Rd4 Bc5 18. Ra4 1-0


[Site "https://www.chess.com"]

[Event "Titled Tuesday Blitz July 11 Late 2023"]
[White "Womacka, Mathias"]
[Black "Jaferian, Koosha"]
[WhiteFideId "4611390"]
[BlackFideId "12507440"]
[WhiteElo "2520"]
[BlackElo "2716"]
[Result "0-1"]
[Round "4"]
[TimeControl "180+2"]
[Date "2023.07.11"]
[WhiteClock "0:00:02"]
[BlackClock "0:01:30"]
[Board "53"]

1. e4 c6 2. d4 d5 3. Nd2 dxe4 4. Nxe4 Bf5 5. Ng3 Bg6 6. h4 h6 7. Nf3 Nd7 8. h5 Bh7 9. Bd3 Bxd3 10. Qxd3 e6 11. Bd2 Ngf6 12. O-O-O Be7 13. Kb1 O-O 14. Ne4 c5 15. g4 Nxg4 16. Qe2 Qb6 17. Ne5 Ndxe5 18. dxe5 f5 19. exf6 Nxf6 20. Rhg1 Nxe4 21. Qxe4 Bf6 22. b3 c4 23. Bxh6 cxb3 24. axb3 Rf7 25. Bxg7 Rxg7 26. h6 Rxg1 27. Rxg1+ Kh8 28. Rg6 Qxf2 29. Ka2 Qf1 30. Ka3 a5 31. Ka4 b5+ 0-1


[Site "https://www.chess.com"]

[Event "Titled Tuesday Blitz July 11 Late 2023"]
[White "caropawn10"]
[Black "Jovic, Stanoje"]
[BlackFideId "905020"]
[WhiteElo "2712"]
[BlackElo "2519"]
[Result "0-1"]
[Round "4"]
[TimeControl "180+2"]
[Date "2023.07.11"]
[WhiteClock "0:00:19"]
[BlackClock "0:00:21"]
[Board "54"]

1. c4 e5 2. g3 c6 3. Nf3 e4 4. Nd4 d5 5. d3 c5 6. Nc2 dxc4 7. dxc4 Qxd1+ 8. Kxd1 Nc6 9. Nc3 f5 10. Bf4 Be6 11. b3 O-O-O+ 12. Kc1 g6 13. Be3 Bg7 14. Kb2 b6 15. Bg2 Nf6 16. h3 Nd4 17. Rad1 Nh5 18. Rd2 Rhf8 19. Na3 f4 20. gxf4 Nf5 21. Rhd1 Rxd2+ 22. Rxd2 Nh4 23. Bxe4 Bxh3 24. Nb5 Kb8 25. Kc2 Nxf4 26. Bxf4+ Rxf4 27. Rd8+ Bc8 28. Rg8 Bxc3 29. Nxc3 Rxf2 30. Bd5 Kc7 31. Rg7+ Kd8 32. Rxh7 Bf5+ 33. Kd2 g5 34. Rg7 g4 35. Ke3 Rf1 36. Ne4 Bxe4 37. Kxe4 Re1 38. e3 Ng2 39. Ke5 Nxe3 40. Be4 Nc2 41. Kd6 Rxe4 42. Rxa7 Rd4+ 43. Ke6 g3 44. Rg7 Rd3 45. a4 Ne1 46. a5 bxa5 47. Rg8+ Kc7 48. Rg7+ Kc6 49. Kf5 Rxb3 50. Rg6+ Kc7 51. Rg7+ Kd8 52. Rg8+ Ke7 53. Rg7+ Kf8 54. Ra7 g2 55. Kf6 Rf3+ 56. Ke6 g1=Q 57. Ra8+ Kg7 58. Ra7+ Kg6 59. Rxa5 Qd4 60. Ke7 Rf6 61. Ra6 Rxa6 62. Ke8 Qh8+ 63. Ke7 Qg7+ 64. Kd8 Ra8# 0-1


[Site "https://www.chess.com"]

[Event "Titled Tuesday Blitz July 11 Late 2023"]
[White "Jaracz, Pawel"]
[Black "Olivares Olivares, Claudio"]
[WhiteFideId "1102222"]
[BlackFideId "3400786"]
[WhiteElo "2712"]
[BlackElo "2517"]
[Result "1-0"]
[Round "4"]
[TimeControl "180+2"]
[Date "2023.07.11"]
[WhiteClock "0:00:01"]
[BlackClock "0:00:00"]
[Board "55"]

1. e4 c5 2. Nc3 d6 3. f4 e6 4. Nf3 Nc6 5. d4 cxd4 6. Nxd4 Nf6 7. Be3 a6 8. Bd3 Qc7 9. Qf3 Be7 10. O-O O-O 11. Rae1 Nxd4 12. Bxd4 e5 13. Be3 b5 14. a3 Rb8 15. fxe5 dxe5 16. Bg5 Be6 17. Kh1 b4 18. axb4 Rxb4 19. Nd5 Bxd5 20. exd5 e4 21. Bxe4 Nxe4 22. Bxe7 Qxe7 23. c3 Rc4 24. b3 Rxc3 25. Qxc3 f5 26. Qc4 Kh8 27. Qd4 Qd6 28. Re3 Rc8 29. Ref3 h6 30. Rxf5 Ng5 31. h4 Nh7 32. Rf7 Qg3 33. Qf2 Qg4 34. Qf4 Qg6 35. d6 Rc2 36. Rf2 Nf6 37. Rxc2 Qxf7 38. Re2 1-0


[Site "https://www.chess.com"]

[Event "Titled Tuesday Blitz July 11 Late 2023"]
[White "Yeritsyan, Hayk"]
[Black "Rosen, Eric"]
[WhiteFideId "13307320"]
[BlackFideId "2032562"]
[WhiteElo "2517"]
[BlackElo "2705"]
[Result "1/2-1/2"]
[Round "4"]
[TimeControl "180+2"]
[Date "2023.07.11"]
[WhiteClock "0:00:07"]
[BlackClock "0:00:01"]
[Board "56"]

1. d4 d5 2. Nf3 Nf6 3. e3 c5 4. Bd3 cxd4 5. exd4 Nc6 6. h3 Be6 7. c3 g6 8. Bf4 Bg7 9. Nbd2 O-O 10. O-O Bf5 11. Be2 a6 12. Re1 b5 13. b4 Qb6 14. Nb3 Ne4 15. Qc1 Rac8 16. Nc5 a5 17. a3 a4 18. Bd3 Nd6 19. Bxf5 Nxf5 20. Nd7 Qb7 21. Nxf8 Ncxd4 22. Nxd4 Nxd4 23. Qd1 Nb3 24. Rb1 Kxf8 25. Be5 f6 26. Bd4 e5 27. Bc5+ Kf7 28. Qd3 Bf8 29. Bxf8 Rxf8 30. Red1 Rd8 31. Qc2 Qc6 32. Qd3 Qc4 33. Qe3 Rd7 34. Qh6 Ke6 35. Qf8 Qc6 36. Qe8+ Kd6 37. Qg8 Kc7 38. Rd3 Rd8 39. Qxh7+ Rd7 40. Qxg6 e4 41. Rg3 Kb6 42. Qf5 Rc7 43. Rg6 Rf7 44. h4 Qxc3 45. Rxf6+ Rxf6 46. Qxd5 Rc6 47. Qxe4 Nd2 48. Qe8 Nxb1 49. Qb8+ Ka6 50. Qa8+ Kb6 51. Qb8+ Ka6 52. Qa8+ Kb6 53. Qb8+ 1/2-1/2


[Site "https://www.chess.com"]

[Event "Titled Tuesday Blitz July 11 Late 2023"]
[White "2KRK1"]
[Black "Chor, Kevin"]
[BlackFideId "2090740"]
[WhiteElo "2690"]
[BlackElo "2517"]
[Result "0-1"]
[Round "4"]
[TimeControl "180+2"]
[Date "2023.07.11"]
[WhiteClock "0:00:02"]
[BlackClock "0:00:09"]
[Board "57"]

1. Nf3 c5 2. b3 Nf6 3. Bb2 e6 4. e3 Be7 5. d4 O-O 6. Nbd2 Nc6 7. Bd3 b6 8. O-O Bb7 9. a3 Rc8 10. dxc5 bxc5 11. c4 d5 12. Qe2 Bd6 13. e4 Bb8 14. cxd5 exd5 15. exd5 Nxd5 16. Qe4 g6 17. Bc4 Na5 18. Qg4 Nxc4 19. Nxc4 Nf6 20. Qh4 Nh5 21. Qg4 f5 22. Qg5 Bxf3 23. Qxd8 Rfxd8 24. gxf3 Rd3 25. Rfd1 Rcd8 26. Rxd3 Rxd3 27. Re1 Kf8 28. Re6 Rxb3 29. Rc6 Nf4 30. Rc8+ Ke7 31. Be5 Rb1# 0-1


[Site "https://www.chess.com"]

[Event "Titled Tuesday Blitz July 11 Late 2023"]
[White "Trifan, Andrei Ioan"]
[Black "Goryachkina, Aleksandra"]
[WhiteFideId "12967068"]
[BlackFideId "4147103"]
[WhiteElo "2511"]
[BlackElo "2681"]
[Result "0-1"]
[Round "4"]
[TimeControl "180+2"]
[Date "2023.07.11"]
[WhiteClock "0:00:00"]
[BlackClock "0:00:20"]
[Board "58"]

1. Nf3 d5 2. e3 c5 3. b3 a6 4. Bb2 Nc6 5. d4 Nf6 6. Be2 Bg4 7. O-O e6 8. c4 cxd4 9. Nxd4 Bxe2 10. Qxe2 Nxd4 11. Bxd4 dxc4 12. Qxc4 Rc8 13. Qa4+ Qd7 14. Nc3 Be7 15. Rfd1 Qxa4 16. Nxa4 O-O 17. Rac1 Nd5 18. Nc5 Rc7 19. Nd3 Rfc8 20. e4 Rxc1 21. Rxc1 Rxc1+ 22. Nxc1 Nb4 23. Bc3 Nc6 24. f3 g6 25. Kf2 Kf8 26. Nd3 Ke8 27. Ke3 Kd7 28. Ne5+ Nxe5 29. Bxe5 Kc6 30. Kd3 Kb5 31. Bc3 h5 32. a4+ Kc6 33. Kc4 f5 34. g3 Bd6 35. Bd2 h4 36. Be1 h3 37. Bf2 Bc7 38. b4 b5+ 39. axb5+ axb5+ 40. Kd3 Bd6 41. Kc3 g5 42. exf5 exf5 43. Be1 Kd5 44. Bf2 g4 45. fxg4 fxg4 0-1


[Site "https://www.chess.com"]

[Event "Titled Tuesday Blitz July 11 Late 2023"]
[White "Deng, Henry"]
[Black "Mikhailov, Viacheslav"]
[WhiteFideId "30965454"]
[BlackFideId "4187369"]
[WhiteElo "2510"]
[BlackElo "2680"]
[Result "1-0"]
[Round "4"]
[TimeControl "180+2"]
[Date "2023.07.11"]
[WhiteClock "0:00:13"]
[BlackClock "0:00:05"]
[Board "59"]

1. e4 c5 2. Nf3 Nc6 3. Nc3 g6 4. d4 cxd4 5. Nxd4 Bg7 6. Be3 d6 7. Bc4 Nf6 8. f3 O-O 9. Bb3 a5 10. h4 h5 11. Qd2 Ne5 12. O-O-O Bd7 13. a3 a4 14. Ba2 Rc8 15. Kb1 Nc4 16. Bxc4 Rxc4 17. Nde2 b5 18. g4 b4 19. axb4 Rxb4 20. e5 Qb8 21. exf6 Rxb2+ 22. Ka1 Bxf6 23. Bd4 a3 24. Bxf6 Ra2+ 25. Nxa2 exf6 26. Qd4 Rc8 27. Rb1 Qa8 28. Qd3 hxg4 29. fxg4 Bxg4 30. Rhg1 Be6 31. Nf4 Bc4 32. Qd4 Bxa2 33. Kxa2 Rxc2+ 34. Ka1 a2 35. Rbc1 Rh2 36. Nxg6 Rg2 37. Ne7+ Kf8 38. Nd5 Rxg1 39. Rxg1 Qb7 40. Qxf6 Qxd5 41. Qd8# 1-0


[Site "https://www.chess.com"]

[Event "Titled Tuesday Blitz July 11 Late 2023"]
[White "Schnaider, Ilan"]
[Black "Koc, Przemyslaw"]
[WhiteFideId "169013"]
[BlackFideId "1109081"]
[WhiteElo "2668"]
[BlackElo "2510"]
[Result "0-1"]
[Round "4"]
[TimeControl "180+2"]
[Date "2023.07.11"]
[WhiteClock "0:00:02"]
[BlackClock "0:00:24"]
[Board "60"]

1. e4 e5 2. Nf3 Nf6 3. d4 Nxe4 4. Bd3 d5 5. Nxe5 Nd7 6. Nc3 Nxe5 7. dxe5 Nc5 8. O-O Be7 9. f4 O-O 10. f5 f6 11. e6 Nxd3 12. Qxd3 c6 13. Bf4 a5 14. Qg3 Kh8 15. Rf3 d4 16. Rd1 Qb6 17. Na4 Qb5 18. b3 Qxf5 19. Rxd4 Qxe6 20. Re3 Qf7 21. Nb6 Bc5 22. Nxa8 Bxd4 23. c3 Bxe3+ 24. Bxe3 a4 25. c4 Bf5 26. Nb6 a3 27. Bc5 Rd8 28. h4 Qe6 29. Bxa3 Bb1 30. h5 h6 31. Na4 Bxa2 32. Nc5 Rd1+ 33. Kh2 Qe5 34. Qxe5 fxe5 35. Nxb7 Bxb3 36. Na5 Ba4 37. c5 e4 38. Nc4 Rd4 39. Nd6 e3 40. Nf5 e2 41. Nxd4 e1=Q 42. Nf3 Qe3 43. Bb4 Bd1 44. Nh4 Bxh5 45. g3 Kh7 46. Ng2 Qf2 47. Be1 Qc2 48. Kh3 Bg4+ 49. Kxg4 Qxg2 50. Bc3 Qe4+ 51. Kh3 Qc4 52. Bb4 Qxb4 0-1


[Site "https://www.chess.com"]

[Event "Titled Tuesday Blitz July 11 Late 2023"]
[White "Shuvalova, Polina"]
[Black "Urbina Perez, Juan Antonio"]
[WhiteFideId "24171760"]
[BlackFideId "2217368"]
[WhiteElo "2664"]
[BlackElo "2507"]
[Result "1-0"]
[Round "4"]
[TimeControl "180+2"]
[Date "2023.07.11"]
[WhiteClock "0:00:12"]
[BlackClock "0:00:02"]
[Board "61"]

1. e4 c5 2. Nf3 d6 3. c3 Nf6 4. Bd3 Nc6 5. O-O e6 6. Re1 Be7 7. Bf1 O-O 8. d4 cxd4 9. cxd4 d5 10. e5 Ne4 11. Nbd2 Nxd2 12. Bxd2 Bd7 13. a3 Rc8 14. Bd3 h6 15. Qe2 Na5 16. Rad1 Qb6 17. h4 Nc4 18. Bc1 Ba4 19. h5 Bxd1 20. Rxd1 Na5 21. Bb1 Qa6 22. Bd3 Qc6 23. b4 Nc4 24. Bb1 f5 25. exf6 Rxf6 26. Nh2 Rcf8 27. Ng4 Rf5 28. Bxf5 Rxf5 29. Re1 Kf7 30. Bxh6 Rxh5 31. Bf4 Rf5 32. Bg3 Bf6 33. b5 Qd7 34. Nxf6 Rxf6 35. Qh5+ Kg8 36. a4 Qf7 37. Qh4 Qg6 38. Qh3 Qf5 39. Qxf5 exf5 40. Re8+ Rf8 41. Re6 Rf7 42. Bb8 b6 43. Re8+ Rf8 44. Rxf8+ Kxf8 45. Bxa7 Ke7 46. Kh2 Kd7 47. Bb8 Nb2 48. Kg3 Nxa4 49. Kf4 Ke6 50. Bc7 Nc3 51. Bxb6 Nxb5 52. Bc5 g6 53. Kg5 Kf7 54. f3 Nc3 55. Kf4 Ke6 56. Kg5 Kf7 57. Bd6 Ne2 58. Be5 Nc3 59. Kh6 Ne2 60. Kg5 Nc1 61. Kf4 Nd3+ 62. Ke3 Nb4 63. Kd2 Nc6 64. Kc3 Ke6 65. Bh8 Na5 66. Kb4 Nc4 67. Kc3 Ne3 68. g3 Nf1 69. Be5 Ne3 70. Kd3 Nc4 71. Bc7 g5 72. g4 fxg4 73. fxg4 Nb2+ 74. Ke2 Nc4 75. Bd8 Nd6 76. Bxg5 Ne4 77. Bf4 Kf6 78. Kf3 Kg6 79. Be5 Kg5 80. Bf4+ Kg6 81. Bc7 Kg5 82. Bd8+ Kg6 83. Kf4 Nc3 84. Ke5 Kf7 85. Ba5 Ne2 86. Kxd5 Nf4+ 87. Ke5 Ng6+ 88. Kf5 Ne7+ 89. Ke4 Ke6 90. Bd8 Nd5 91. Bg5 Nc3+ 92. Kd3 Nd5 93. Be3 Ne7 94. Ke4 Nd5 95. g5 Ne7 96. Bf4 Nf5 97. d5+ Kf7 98. Kxf5 1-0


[Site "https://www.chess.com"]

[Event "Titled Tuesday Blitz July 11 Late 2023"]
[White "Mindhunter08"]
[Black "Omelja, Artem"]
[BlackFideId "14119846"]
[WhiteElo "2499"]
[BlackElo "2654"]
[Result "1-0"]
[Round "4"]
[TimeControl "180+2"]
[Date "2023.07.11"]
[WhiteClock "0:00:03"]
[BlackClock "0:00:00"]
[Board "62"]

1. e4 c5 2. Nf3 e6 3. g3 Nc6 4. Bg2 Nf6 5. Qe2 Be7 6. O-O d6 7. c3 O-O 8. d4 cxd4 9. cxd4 d5 10. e5 Ne4 11. Nbd2 Nxd2 12. Bxd2 b6 13. Rac1 Bb7 14. h4 a5 15. Rfd1 Nb4 16. a3 Ba6 17. Qe3 Nd3 18. Rb1 f6 19. exf6 Rxf6 20. Bf1 Qf8 21. Kg2 e5 22. dxe5 d4 23. Qxd4 Rxf3 24. Qd5+ Rf7 25. Bxd3 Bxd3 26. Qxd3 Rxf2+ 27. Kh1 Rd8 28. Qb3+ Kh8 29. Bf4 Bc5 30. Qc3 1-0


[Site "https://www.chess.com"]

[Event "Titled Tuesday Blitz July 11 Late 2023"]
[White "Yurasova, Daria"]
[Black "benny_aizenberg"]
[WhiteFideId "34146919"]
[WhiteElo "2484"]
[BlackElo "2640"]
[Result "0-1"]
[Round "4"]
[TimeControl "180+2"]
[Date "2023.07.11"]
[WhiteClock "0:00:21"]
[BlackClock "0:00:47"]
[Board "63"]

1. d4 f5 2. Bg5 g6 3. Nd2 Bg7 4. e3 d6 5. h4 h6 6. Bf4 Nf6 7. Ngf3 e6 8. Bd3 Qe7 9. c4 Nbd7 10. Qc2 b6 11. a4 e5 12. Bg3 e4 13. Be2 exf3 14. Bxf3 Rb8 15. h5 Nxh5 16. Bxh5 gxh5 17. Qxf5 Nf6 18. Qd3 O-O 19. O-O-O Qf7 20. e4 c5 21. e5 dxe5 22. dxe5 Ng4 23. e6 Bxe6 24. Bxb8 Rxb8 25. Rde1 Bf5 26. Qd6 Rf8 27. f3 Nf2 28. Re7 Qf6 29. Qd5+ Kh8 30. Rxg7 Qxg7 31. Rxh5 Bg6 32. Rh2 Nd3+ 33. Kd1 Re8 34. Ne4 Bxe4 35. fxe4 Nf2+ 36. Kc2 Nxe4 37. Qh5 Re6 38. g4 Ng5 39. Rd2 Qg6+ 40. Qxg6 Rxg6 41. Rd7 Rg7 42. Rd6 Kh7 43. a5 bxa5 44. Rc6 Ne4 45. Re6 Rxg4 46. Re7+ Kg6 47. Rxa7 h5 48. Rxa5 h4 49. Ra8 h3 50. Rg8+ Kf5 51. Rh8 Ng5 52. Kc3 Rg3+ 53. Kc2 Kg4 54. b4 cxb4 55. Kb2 Rc3 0-1


[Site "https://www.chess.com"]

[Event "Titled Tuesday Blitz July 11 Late 2023"]
[White "Fantinel, Thibault"]
[Black "Karas, Marek"]
[WhiteFideId "663395"]
[BlackFideId "14928558"]
[WhiteElo "2634"]
[BlackElo "2479"]
[Result "1-0"]
[Round "4"]
[TimeControl "180+2"]
[Date "2023.07.11"]
[WhiteClock "0:00:06"]
[BlackClock "0:00:00"]
[Board "64"]

1. d4 Nf6 2. Nf3 d5 3. Bf4 c5 4. e3 Nc6 5. Nbd2 e6 6. c3 Bd6 7. Bg3 O-O 8. Bd3 Qe7 9. Ne5 Nd7 10. Nxd7 Qxd7 11. Bxd6 Qxd6 12. f4 b6 13. O-O a5 14. Qe2 f5 15. Nf3 c4 16. Bc2 b5 17. Kh1 b4 18. Ba4 Nd8 19. a3 Nf7 20. Rg1 Bd7 21. Bxd7 Qxd7 22. g4 bxc3 23. bxc3 fxg4 24. Rxg4 Nh6 25. Rg5 Nf5 26. Rag1 Rab8 27. Ne5 Qc7 28. e4 dxe4 29. Qxe4 Qb7 30. Qxb7 Rxb7 31. Nxc4 Rc7 32. Nxa5 Rxc3 33. Nb7 g6 34. Rd1 Ne3 35. Re1 Rxf4 36. Rg3 Nd5 37. Rxc3 Nxc3 38. Rxe6 Rxd4 39. Nc5 Kf7 40. Ra6 Rd1+ 41. Kg2 Rd2+ 42. Kg3 Ra2 43. h4 h6 44. Kf4 g5+ 45. hxg5 hxg5+ 46. Kxg5 Ke7 47. Kf4 Nb5 48. a4 Nc3 49. Ke5 Kd8 50. Kd6 Rd2+ 51. Kc6 Nxa4 52. Rxa4 Ke7 53. Ne4 Rc2+ 54. Kd5 Rc1 55. Ke5 Kd7 56. Ra6 Kc7 57. Rf6 Kb7 58. Kd5 Rc2 59. Nc5+ Kc7 60. Rc6+ Kb8 61. Rh6 Rd2+ 62. Kc6 Rd1 63. Rh7 Rc1 64. Kb6 Rb1+ 65. Kc6 Rc1 66. Rg7 Rb1 67. Na6+ Ka8 68. Nc5 Rc1 69. Re7 Rc2 70. Re8+ Ka7 71. Re7+ Ka8 72. Re4 Rc1 73. Rb4 Rc2 74. Kb6 Ra2 75. Re4 Rb2+ 76. Ka6 Ra2+ 77. Kb5 Rb2+ 78. Ka5 Ra2+ 79. Na4 Rc2 80. Re6 Rc1 81. Ka6 1-0


[Site "https://www.chess.com"]

[Event "Titled Tuesday Blitz July 11 Late 2023"]
[White "Mujumdar, Sameer"]
[Black "Bjelobrk, Igor"]
[WhiteFideId "2029707"]
[BlackFideId "4300726"]
[WhiteElo "2463"]
[BlackElo "2633"]
[Result "0-1"]
[Round "4"]
[TimeControl "180+2"]
[Date "2023.07.11"]
[WhiteClock "0:02:07"]
[BlackClock "0:01:28"]
[Board "65"]

1. d4 e6 2. Nf3 c5 3. c3 Nc6 4. e3 Nf6 5. Bd3 d6 6. Nbd2 Qc7 7. O-O Be7 8. e4 e5 9. d5 Nb8 10. a4 O-O 11. Qe2 Nbd7 12. Ne1 Re8 13. g3 Nf8 14. Ng2 Bh3 15. f3 Ng6 16. Re1 h6 17. Nf1 Nh7 18. Be3 Bg5 19. Bb5 Rf8 20. Bd3 Qc8 21. Rac1 f5 22. exf5 Bxf5 23. Be4 Ne7 24. g4 Bxe4 25. fxe4 Ng6 26. Ng3 Bxe3+ 27. Qxe3 Qxg4 28. Kh1 Rf3 29. Qe2 Raf8 30. Ne3 Qh3 31. Rg1 Rf2 32. Qg4 Rxh2# 0-1


[Site "https://www.chess.com"]

[Event "Titled Tuesday Blitz July 11 Late 2023"]
[White "Martinez Ramirez, Lennis"]
[Black "SergioMoralesG"]
[WhiteFideId "3509079"]
[WhiteElo "2631"]
[BlackElo "2462"]
[Result "1-0"]
[Round "4"]
[TimeControl "180+2"]
[Date "2023.07.11"]
[WhiteClock "0:00:32"]
[BlackClock "0:00:03"]
[Board "66"]

1. Nf3 d5 2. c4 d4 3. b4 c5 4. e3 Nf6 5. Bb2 dxe3 6. fxe3 cxb4 7. d4 Bf5 8. c5 e6 9. Bb5+ Nc6 10. Ne5 Rc8 11. Qa4 Qd5 12. O-O Be7 13. Bc4 Qe4 14. Bc1 O-O 15. Bd3 Qd5 16. Bxf5 Nxe5 17. Bc2 Nc6 18. Bb2 e5 19. Rd1 exd4 20. exd4 Ng4 21. Qb3 Qg5 22. Qd3 g6 23. Re1 Bf6 24. h3 Nh6 25. Nd2 Nf5 26. Nf3 Qg3 27. Re4 Nfxd4 28. Nxd4 Qxd3 29. Bxd3 Bxd4+ 30. Bxd4 f5 31. Bc4+ Rf7 32. Rf4 Kf8 33. Bxf7 Kxf7 34. g4 Nxd4 35. Rxd4 Rxc5 36. Rxb4 b6 37. gxf5 Rxf5 38. Rf1 Kf6 39. Rxf5+ Kxf5 40. Ra4 a5 41. Rc4 g5 42. Rc6 Kf4 43. Rxb6 Kg3 44. Rb3+ Kh4 45. Kg2 h5 46. Ra3 g4 47. hxg4 hxg4 48. Rxa5 g3 49. Ra4+ Kg5 50. Kxg3 1-0


[Site "https://www.chess.com"]

[Event "Titled Tuesday Blitz July 11 Late 2023"]
[White "Romero Ruscalleda, Josep"]
[Black "Grebeniuk, Semen"]
[WhiteFideId "2231859"]
[BlackFideId "14117509"]
[WhiteElo "2449"]
[BlackElo "2629"]
[Result "1-0"]
[Round "4"]
[TimeControl "180+2"]
[Date "2023.07.11"]
[WhiteClock "0:01:07"]
[BlackClock "0:00:00"]
[Board "67"]

1. e4 c5 2. c3 Nf6 3. e5 Nd5 4. Nf3 g6 5. Bc4 Nb6 6. Bb3 c4 7. Bc2 Bg7 8. O-O Nc6 9. Re1 O-O 10. Qe2 d5 11. exd6 Qxd6 12. h3 Bf5 13. Bxf5 gxf5 14. Na3 Qc5 15. b4 cxb3 16. axb3 e6 17. Bb2 Rfd8 18. d4 Qe7 19. Nc4 Nxc4 20. bxc4 Qc7 21. c5 b6 22. Ba3 Rac8 23. Rab1 Ne7 24. Rec1 Nd5 25. Qa6 Rb8 26. Nd2 bxc5 27. Rxb8 Rxb8 28. Bxc5 Rb2 29. Nc4 Re2 30. Ne5 Rxe5 31. Bd6 1-0


[Site "https://www.chess.com"]

[Event "Titled Tuesday Blitz July 11 Late 2023"]
[White "Rios Escobar, Adan"]
[Black "Rostomyan, Mikayel"]
[WhiteFideId "3403645"]
[BlackFideId "13313754"]
[WhiteElo "2447"]
[BlackElo "2626"]
[Result "0-1"]
[Round "4"]
[TimeControl "180+2"]
[Date "2023.07.11"]
[WhiteClock "0:00:00"]
[BlackClock "0:01:20"]
[Board "68"]

1. d4 Nf6 2. g3 e6 3. c4 d5 4. Bg2 Be7 5. Nf3 O-O 6. O-O c6 7. Qc2 Nbd7 8. Nbd2 b6 9. e4 dxe4 10. Nxe4 Bb7 11. Nxf6+ Bxf6 12. Rd1 Qe7 13. Bf4 Rfd8 14. Rac1 c5 15. d5 exd5 16. cxd5 Nf8 17. d6 Qd7 18. Rd2 Ne6 19. Be3 Rac8 20. Rcd1 Nd4 21. Bxd4 cxd4 22. Qd3 Qxd6 23. Ng5 Bxg5 24. Bxb7 Rc7 25. f4 Bxf4 26. gxf4 Rxb7 27. Qxd4 Qg6+ 28. Kf2 Rxd4 29. Rxd4 h6 30. Rd8+ Kh7 31. Rc8 Qg4 32. Rdd8 Qxf4+ 33. Kg2 Rc7 34. Rh8+ Kg6 35. Rxc7 Qxc7 36. h4 Qc2+ 37. Kg3 Qxb2 38. Kg4 h5+ 39. Kf4 Qd4+ 40. Kf3 Qg4+ 41. Ke3 Qxh4 42. a4 Qg3+ 43. Ke4 h4 44. a5 bxa5 45. Kd5 h3 46. Kc4 h2 47. Kb5 Qg5+ 48. Ka6 Qh5 49. Rd8 h1=Q 50. Rd6+ Kh7 0-1


[Site "https://www.chess.com"]

[Event "Titled Tuesday Blitz July 11 Late 2023"]
[White "Fiorito, Joaquin"]
[Black "Kaplan, Avi Harrison"]
[WhiteFideId "180173"]
[BlackFideId "30934559"]
[WhiteElo "2623"]
[BlackElo "2442"]
[Result "1-0"]
[Round "4"]
[TimeControl "180+2"]
[Date "2023.07.11"]
[WhiteClock "0:00:44"]
[BlackClock "0:00:02"]
[Board "69"]

1. d4 Nf6 2. Nc3 c5 3. d5 d6 4. e4 g6 5. Nf3 Bg7 6. Bc4 O-O 7. O-O Bg4 8. h3 Bxf3 9. Qxf3 Nbd7 10. Be2 e6 11. Bg5 h6 12. Bh4 exd5 13. Nxd5 g5 14. Bg3 Nxd5 15. exd5 Ne5 16. Qb3 f5 17. f4 gxf4 18. Bxf4 Ng6 19. Bh2 b6 20. Rae1 Qg5 21. Bxd6 Rfe8 22. Bf3 Nh4 23. Bh2 c4 24. Rxe8+ Rxe8 25. Qxc4 Nxf3+ 26. Rxf3 Re1+ 27. Rf1 Qe3+ 28. Kh1 Qf2 29. Rxe1 Qxe1+ 30. Bg1 Bxb2 31. d6+ Kf8 32. Qc8+ Kf7 33. Qxf5+ Ke8 34. Qc8+ Kf7 35. d7 Bf6 36. d8=Q Bxd8 37. Qxd8 a5 38. Qxb6 a4 39. Qa7+ Kg8 40. Qxa4 h5 41. Qa8+ Kg7 42. Qd5 h4 43. c4 Kf8 44. c5 Kg7 45. c6 Qf1 46. c7 Qf8 47. Qd8 Qf7 48. c8=Q Kg6 49. Qg8+ Qg7 50. Qxg7+ Kh5 51. Qcg4# 1-0


[Site "https://www.chess.com"]

[Event "Titled Tuesday Blitz July 11 Late 2023"]
[White "Bueno, Alfeu Junior Varela"]
[Black "profedechess93"]
[WhiteFideId "2108879"]
[WhiteElo "2441"]
[BlackElo "2622"]
[Result "1-0"]
[Round "4"]
[TimeControl "180+2"]
[Date "2023.07.11"]
[WhiteClock "0:00:05"]
[BlackClock "0:00:12"]
[Board "70"]

1. e4 e6 2. d4 d5 3. Nd2 Be7 4. Bd3 c5 5. c3 cxd4 6. cxd4 dxe4 7. Nxe4 Nf6 8. Nf3 Nc6 9. O-O O-O 10. Nc3 Nb4 11. Bb1 b6 12. a3 Nbd5 13. Ne5 Bb7 14. Qd3 Nxc3 15. bxc3 Rc8 16. f3 Qc7 17. Bd2 Rfd8 18. a4 g6 19. Qe2 Nd5 20. Ba2 Bd6 21. f4 Re8 22. Rac1 Ba3 23. Rc2 Nb4 24. cxb4 Qxc2 25. Ng4 Qf5 26. Nh6+ Kf8 27. Nxf5 exf5 28. Qd3 Bb2 29. Re1 Be4 30. Qb3 Re7 31. Qxb2 Rd8 32. Bc3 Kg8 33. d5 Rde8 34. d6 Rd7 35. Be5 Kf8 36. Bb1 Bd5 37. Qd4 f6 38. Qxd5 fxe5 39. fxe5 Red8 40. e6 Rxd6 41. e7+ Kg7 42. exd8=Q Rxd8 43. Qxd8 Kh6 44. Qh4+ 1-0


[Site "https://www.chess.com"]

[Event "Titled Tuesday Blitz July 11 Late 2023"]
[White "Weishaeutel, Moritz"]
[Black "Taranenko, Evgueniy"]
[WhiteFideId "12967300"]
[BlackFideId "14122138"]
[WhiteElo "2618"]
[BlackElo "2435"]
[Result "1-0"]
[Round "4"]
[TimeControl "180+2"]
[Date "2023.07.11"]
[WhiteClock "0:02:54"]
[BlackClock "0:02:31"]
[Board "71"]

1. e4 e6 2. d4 d5 3. exd5 exd5 4. Nf3 Nf6 5. Bd3 Bd6 6. O-O O-O 7. Bg5 Bg4 8. Nbd2 c6 9. c4 dxc4 10. Nxc4 Bc7 11. Nce5 h6 12. Bxf6 1-0


[Site "https://www.chess.com"]

[Event "Titled Tuesday Blitz July 11 Late 2023"]
[White "Todev, Simeon"]
[Black "Banzea, Alexandru-Bogdan"]
[WhiteFideId "2925133"]
[BlackFideId "1232622"]
[WhiteElo "2434"]
[BlackElo "2617"]
[Result "0-1"]
[Round "4"]
[TimeControl "180+2"]
[Date "2023.07.11"]
[WhiteClock "0:01:34"]
[BlackClock "0:00:09"]
[Board "72"]

1. e4 c6 2. c4 d5 3. exd5 cxd5 4. d4 Nf6 5. Nc3 e6 6. Nf3 Be7 7. Bg5 O-O 8. h3 Nc6 9. Bxf6 Bxf6 10. cxd5 exd5 11. Be2 Re8 12. O-O Be6 13. Qd2 Qd7 14. Rfe1 Rac8 15. Rac1 Na5 16. Bb5 Nc6 17. Na4 Qd6 18. Nc5 b6 19. Nxe6 Rxe6 20. Rxe6 fxe6 21. Qe3 Ne7 22. Rxc8+ Nxc8 23. Ng5 Bxg5 24. Qxg5 Ne7 25. Bd3 h6 26. Qh5 Qd7 27. Qg4 Nc6 28. Qg6 Qf7 29. Qh7+ Kf8 30. Qh8+ Qg8 31. Qxg8+ Kxg8 32. f4 Nxd4 33. Kf2 Kf7 34. Ke3 Nc6 35. f5 e5 36. Bb5 Ne7 37. Bd7 Kf6 38. g4 g6 39. fxg6 Nxg6 40. Bc6 Nf4 41. h4 Ke6 42. Be8 Kd6 43. h5 Ne6 44. Bf7 Ng5 45. Bg8 d4+ 46. Kd3 Kc5 47. a3 e4+ 48. Kd2 a5 49. Bb3 Kd6 50. Ke2 Ke5 51. Kf2 Kf4 52. Bd1 d3 53. b4 e3+ 54. Kg2 axb4 55. axb4 e2 0-1


[Site "https://www.chess.com"]